 Dungeon Crawl Stone Soup version 0.31-a0-986-g5e6e4ef867 (webtiles) character file.

Game seed: 15066151783015400139

57 AppTheSpectato the Trooper (level 4, -7/29 HPs)
             Began as a Gargoyle Monk on Nov 3, 2023.
             Splashed by a jelly's acid (8 damage)
             ... on level 2 of the Dungeon.
             The game lasted 00:02:40 (1466 turns).

AppTheSpectato the Trooper (Gargoyle Monk)          Turns: 1466, Time: 00:02:40

Health: -7/29      AC: -1    Str: 16    XL:     4   Next: 0%
Magic:  4/4        EV: 12    Int: 11    God:
Gold:   78         SH:  0    Dex: 12    Spells: 3/3 levels left

rFire   . . .        a - +0 mace
rCold   . . .        d - orb {light}
rNeg    + . .        b - +1 robe
rPois   ∞            (no helmet)
rElec   +            (no cloak)
rCorr   .            (no gloves)
SInv    .            (no boots)
Will    .....        (no amulet)
Stlth   +            (no ring)
HPRegen 0.24/turn    (no ring)
MPRegen 0.09/turn

%: no passive effects
@: corroded, glowing
A: sickness immunity, AC +3, negative energy resistance 1, electricity
resistance, torment resistance 1, petrification resistance
a: no special abilities


You were on level 2 of the Dungeon.
You visited 1 branch of the dungeon, and saw 2 of its levels.

You collected 78 gold pieces.

Inventory:

Hand Weapons
 a - a +0 mace (weapon)
Armour
 b - a +1 robe (worn)
 d - an orb of light (worn)
Jewellery
 g - a +6 ring of intelligence
 i - an amulet of magic regeneration
Scrolls
 f - a scroll of enchant weapon {unknown}
 j - 2 scrolls of immolation
Potions
 c - a potion of ambrosia
 e - 2 potions of lignification {unknown}
 h - a potion of curing {unknown}


   Skills:
 * Level 4.2 Fighting
 * Level 3.7 Maces & Flails
 + Level 1.3 Armour
 - Level 2.4 Dodging


You had 3 spell levels left.
You didn't know any spells.
Your spell library contained the following spells:

 Spells                   Type           Power      Damage    Failure   Level
 Wereblood                Tmut           0%         N/A       47%         2
 Irradiate                Conj/Tmut      0%         3d11      100%        5


Dungeon Overview and Level Annotations

Branches:
Dungeon (2/15)

Altars:
Elyvilon
Kikubaaqudgha
Nemelex Xobeh
Qazlal
Sif Muna
Uskayaw


Innate Abilities, Weirdness & Mutations

You are immune to sickness and miasma.
Your stone body is resilient. (AC +3)
You are immune to poison.
You resist negative energy. (rN+)
You are resistant to electric shocks. (rElec)
You are resistant to unholy torment.
You are immune to petrification.


Message History

You completely miss the endoplasm.
The endoplasm is severely wounded.
The endoplasm closely misses you.
You hit the endoplasm.
You kill the endoplasm!
You thump the endoplasm!
You kill the endoplasm!
You have reached level 4!
You feel clever. 2 jellies and 3 endoplasms come into view.
Found four items.
Found six altars.
The jelly quivers.
The endoplasm quivers. x2; The jelly quivers.
The endoplasm quivers.
There is an open door here.
The endoplasm freezes you.
You are frozen.
The jelly misses you.
There is a white marble altar of Elyvilon here.
You sock the jelly! The acid corrodes you!
Your hands burn!
The jelly is heavily wounded.
The endoplasm freezes you.
You are frozen.
The jelly closely misses you.
The endoplasm hits you but does no damage.
You hit the jelly. The acid corrodes you!
Your hands burn!
The jelly is almost dead.
The endoplasm hits the toadstool but does no damage.
The jelly barely misses you. The jelly closely misses you.
The endoplasm hits you. The endoplasm freezes you.
You are frozen.
The endoplasm freezes you.
You are frozen.
* * * LOW HITPOINT WARNING * * *
The endoplasm hits the toadstool.
The toadstool is destroyed!
The endoplasm hits you.
* * * LOW HITPOINT WARNING * * *
The jelly hits you.
* * * LOW HITPOINT WARNING * * *
You are splashed with acid!
You die...

#.. ..#.#
#.......#
###
#.......#
#....####
#....'..##
###
########.#
##..
##...)..##
#.##
##'########
#.#
#....J..÷.#
#.##
#.P.@JJ...#
#...
#.P.JJ..÷÷#
#.#.
#÷P÷_.....#
#.##
#...P._...#
#...
#.÷..._..!#
####
###########
# #######


You could see 2 jellies and 3 endoplasms.

Vanquished Creatures
  An adder (D:2)
  A dart slug (D:2)
  5 endoplasms
  2 giant cockroaches
  5 goblins
  7 hobgoblins
  A quokka (D:2)
  4 ball pythons
  5 bats
  2 frilled lizards
  9 kobolds
42 creatures vanquished.

Notes
Turn   | Place    | Note
-------+----------+-------------------------------------------
     0 | D:1      | AppTheSpectato the Gargoyle Monk began the quest for the
                  | Orb.
     0 | D:1      | Reached XP level 1. HP: 14/14 MP: 1/1
   255 | D:1      | Reached XP level 2. HP: 19/19 MP: 2/2
   852 | D:1      | Reached skill level 1 in Armour
  1008 | D:2      | Reached XP level 3. HP: 24/24 MP: 3/3
  1302 | D:2      | Reached skill level 4 in Fighting
  1462 | D:2      | Reached XP level 4. HP: 29/29 MP: 4/4
  1462 | D:2      | Found a white marble altar of Elyvilon.
  1462 | D:2      | Found a hide-covered altar of Uskayaw.
  1462 | D:2      | Found a shimmering blue altar of Sif Muna.
  1462 | D:2      | Found a stormy altar of Qazlal.
  1462 | D:2      | Found an ancient bone altar of Kikubaaqudgha.
  1462 | D:2      | Found a sparkling altar of Nemelex Xobeh.
  1466 | D:2      | HP: 1/29 [jelly (3)]
  1466 | D:2      | Splashed by a jelly's acid

Illustrated notes

Levels and vault maps discovered:
D:1:      reono_arrival_mine, layout_basic
D:2:      cheibrodos_fertilizer, layout_loops_corners

Skill      XL: |  1  2  3 |
---------------+----------+-----
Armour         | 1 |  1.3
Fighting       | 4 |  4.2
Maces & Flails | |  3.7
Dodging        | |  2.4

Action                     |  1- 3 |  4- 6 || total
---------------------------+-------+-------++-------
  Melee: Mace              |    98 |     2 ||   100
    Use: Scroll            |     5 |       ||     5
 Armour: Robe              |    77 |     4 ||    81
  Dodge: Dodged            |    69 |     4 ||    73

Table legend: (Time is in decaauts)
 A = Elapsed time spent in this place.
 B = Non-inter-level travel time spent in this place.
 C = Inter-level travel time spent in this place.
 D = Time resting spent in this place.
 E = Time spent auto-exploring this place.
 F = Levels seen in this place.
 G = Mean time per level.
                   A        B        C        D        E       F      G
               +--------+--------+--------+--------+--------+-----+--------+
         Total |   1487 |   1468 |     19 |      0 |   1185 |   2 |  743.5 |
       Dungeon |   1487 |   1468 |     19 |      0 |   1185 |   2 |  743.5 |
               +--------+--------+--------+--------+--------+-----+--------+

Top non-repeatable levels by time:
     D:1: 996 daAuts
     D:2: 491 daAuts
